AoeStats
← Seeker

African Clearing

510451649Analyzed
3v3 RM · 13h ago on Oct 1, 2026· 54m 28s· 6 players
Game mode
Random Map
Map size
Normal (6 player)
Population
200
Speed
Normal
Resources
Standard
Victory
Conquest
Starting age
Dark Age
Ending age
Imperial Age
RankedLock teamsTeams togetherTeam positionsShared explorationLock speedFull tech treeHidden civsTurbo modeCheats
Victory
Defeat
🇨🇱 Vietnamese · Chile
1071
+14
🇨🇱 Mongols · Chile
1021
+16
🇦🇷 Varangians · Argentina
1007
+16
🇦🇷 Japanese · Argentina
1059
-17
🇦🇷 Ethiopians · Argentina
1028
-16
🇦🇷 Goths · Argentina
966
-13
KUKA TIRA PIEDRA
11:27 Loom
14:53 Feudal Age
15:19 Double-Bit Axe
14:56 Man-at-Arms
15:33 Horse Collar
21:06 Wheelbarrow
22:03 Wheelbarrow
26:24 Castle Age
25:03 Fletching
25:14 Padded Archer Armor
26:28 Pikeman
26:31 Elite Skirmisher
27:24 Bow Saw
28:56 Scale Mail Armor
29:59 Forging
37:20 Leather Archer Armor
38:07 Squires
40:59 Bodkin Arrow
46:22 Imperial Age
47:37 Ring Archer Armor
47:40 Conscription
53:00 Hand Cart
53:29 Bracer
53:41 Gold Mining
Patovich
15:30 Feudal Age
16:09 Double-Bit Axe
17:12 Fletching
31:52 Castle Age
32:09 Crossbowman
32:55 Thumb Ring
32:46 Bodkin Arrow
38:47 Ballistics
49:10 Imperial Age
Monosy
6:52 Loom
13:57 Feudal Age
14:47 Double-Bit Axe
14:27 Man-at-Arms
16:34 Horse Collar
21:38 Fletching
21:59 Forging
27:30 Wheelbarrow
32:21 Castle Age
49:06 Iron Casting
48:32 Scale Mail Armor
49:59 Heavy Plow
50:58 Gold Mining
51:02 Pikeman
55:21 Imperial Age
Aagler
8:36 Loom
14:43 Feudal Age
20:30 Castle Age
20:17 Fletching
21:59 Stone Mining
31:30 Town Watch
35:11 Wheelbarrow
34:57 Gold Mining
34:54 Double-Bit Axe
37:22 Bow Saw
41:17 Ballistics
41:37 Bodkin Arrow
41:56 Bloodlines
41:46 Husbandry
41:49 Padded Archer Armor
42:51 Hand Cart
48:00 Imperial Age
47:02 Leather Archer Armor
46:12 Light Cavalry
48:29 Elite Mangudai
49:30 Conscription
LOKOTE
6:17 Loom
13:56 Feudal Age
18:16 Castle Age
18:07 Bloodlines
20:16 Double-Bit Axe
21:57 Arson
22:41 Forging
25:57 Horse Collar
41:40 Imperial Age
39:21 Husbandry
39:54 Vendel Legacy
42:00 Wheelbarrow
41:54 Gold Mining
42:17 Scale Barding Armor
42:54 Iron Casting
42:20 Cavalier
50:38 Blast Furnace
50:05 Chain Barding Armor
Seeker
11:42 Loom
13:27 Feudal Age
15:31 Double-Bit Axe
18:58 Fletching
23:16 Castle Age
22:54 Wheelbarrow
22:47 Padded Archer Armor
24:35 Thumb Ring
26:20 Bodkin Arrow
28:52 Crossbowman
29:49 Horse Collar
32:26 Bow Saw
39:15 Imperial Age
36:26 Elite Skirmisher
37:33 Ballistics
41:54 Chemistry
40:56 Bracer
43:23 Paper Money
45:40 Imperial Skirmisher
47:44 Hand Cart
48:14 Leather Archer Armor
48:13 Heavy Plow
48:07 Gold Mining
48:14 Stone Mining
48:43 Arbalester
Connection lost

Rejoining the realm…

Still unreachable

The connection could not be restored.

Session expired

The server has moved on; the page needs a fresh start.